SNL (28 & UNDER)
SALEM SILVER SOULS @ MONTGOMERY BISCUITS
08/22/2027
 
TOP OF THE 1ST
Salem Silver Souls batting - Pitching for Montgomery Biscuits : RHP Jim Baker
Pitching: RHP Jim Baker
Batting: SHB Tony Yan 0-0: Ball
1-0: Ground out 5-3 (Groundball, 56S)
Batting: RHB Gabriel Miranda 0-0: Ball
1-0: Ball
2-0: Foul Ball, location: 2F
2-1: Ball
3-1: Fly out, F8 (Flyball, 89M)
Batting: LHB Nick Scott 0-0: Called Strike
0-1: Called Strike
0-2: SOLO HOME RUN (Flyball, 89XD), Distance : 405 ft
Batting: LHB Chance Santry 0-0: Ball
1-0: Ball
2-0: Foul Ball, location: 2F
2-1: Fly out, F9 (Flyball, 9)
Top of the 1st over - 1 run(s), 1 hit(s), 0 error(s), 0 left on base; Salem 1 - Montgomery 0
BOTTOM OF THE 1ST
Montgomery Biscuits batting - Pitching for Salem Silver Souls : RHP Isaac Coleman
Pitching: RHP Isaac Coleman
Batting: LHB Alberto Santos 0-0: Called Strike
0-1: Foul Ball, location: 2F
0-2: Foul Ball, location: 2F
0-2: Ball
1-2: Foul Ball, location: 2F
1-2: Ball
2-2: Ball
3-2: DOUBLE (Groundball, 3L)
Batting: LHB António Fernández 0-0: Ball
1-0: Ball
2-0: Called Strike
2-1: Foul Ball, location: 2F
2-2: Strikes out swinging
Batting: SHB Jack Estes 0-0: Ground out 4-3 (Groundball, 4)
Alberto Santos to third
Batting: RHB Carlos Vásquez 0-0: Ball
1-0: Ball
2-0: Ball
3-0: Called Strike
3-1: Base on Balls
Batting: LHB Bob Jones 0-0: Ball
1-0: Ball
2-0: Called Strike
2-1: Fly out, F8 (Flyball, 8LM)
Bottom of the 1st over - 0 run(s), 1 hit(s), 0 error(s), 2 left on base; Salem 1 - Montgomery 0
TOP OF THE 2ND
Salem Silver Souls batting - Pitching for Montgomery Biscuits : RHP Jim Baker
Batting: RHB Gustavo Pagán 0-0: Ball
1-0: Ball
2-0: Foul Ball, location: 2F
2-1: Swinging Strike
2-2: Strikes out looking
Batting: LHB Joel Nelson 0-0: Swinging Strike
0-1: Called Strike
0-2: Ball
1-2: Strikes out swinging
Batting: SHB Francis Shaffer 0-0: Foul Ball, location: 2F
0-1: Ball
1-1: Ball
2-1: Foul Ball, location: 2F
2-2: Foul Ball, location: 2F
2-2: Ball
3-2: Fly out, F8 (Flyball, 8RD)
Top of the 2nd over - 0 run(s), 0 hit(s), 0 error(s), 0 left on base; Salem 1 - Montgomery 0
BOTTOM OF THE 2ND
Montgomery Biscuits batting - Pitching for Salem Silver Souls : RHP Isaac Coleman
Batting: RHB Rusty Downy 0-0: Ball
1-0: Ball
2-0: Called Strike
2-1: Ball
3-1: Called Strike
3-2: Strikes out looking
Batting: RHB Bob McDonald 0-0: Ball
1-0: Ball
2-0: Called Strike
2-1: Ground out 4-3 (Groundball, 4)
Batting: RHB Glen MacDonald 0-0: Called Strike
0-1: Swinging Strike
0-2: Strikes out swinging
Bottom of the 2nd over - 0 run(s), 0 hit(s), 0 error(s), 0 left on base; Salem 1 - Montgomery 0
TOP OF THE 3RD
Salem Silver Souls batting - Pitching for Montgomery Biscuits : RHP Jim Baker
Batting: RHB Augusto Baiano 0-0: Ball
1-0: Foul Ball, location: 2F
1-1: SINGLE (Groundball, 6MD)
Batting: RHB Jack Snyder 0-0: Ball
1-0: Swinging Strike
1-1: Foul Ball, location: 2F
1-2: Grounds into double play, 4-6-3 (Groundball, 4)
Batting: SHB Tony Yan 0-0: Ball
1-0: Called Strike
1-1: Called Strike
1-2: Foul Ball, location: 2F
1-2: Strikes out swinging
Top of the 3rd over - 0 run(s), 1 hit(s), 0 error(s), 0 left on base; Salem 1 - Montgomery 0
BOTTOM OF THE 3RD
Montgomery Biscuits batting - Pitching for Salem Silver Souls : RHP Isaac Coleman
Batting: RHB Dave Roberts 0-0: Ball
1-0: Ball
2-0: SINGLE (Groundball, 6) (infield hit)
Batting: LHB Alberto Santos 0-0: Called Strike
0-1: Ball
1-1: Ball
2-1: Called Strike
2-2: Foul Ball, location: 2F
2-2: Foul Ball, location: 2F
2-2: Ball
3-2: Base on Balls
Dave Roberts to second
Batting: LHB António Fernández 0-0: Called Strike
0-1: Grounds into double play, 4-6-3 (Groundball, 4M)
Dave Roberts to third
Batting: SHB Jack Estes 0-0: Called Strike
0-1: Foul Ball, location: 2F
0-2: Strikes out swinging
Bottom of the 3rd over - 0 run(s), 1 hit(s), 0 error(s), 1 left on base; Salem 1 - Montgomery 0
TOP OF THE 4TH
Salem Silver Souls batting - Pitching for Montgomery Biscuits : RHP Jim Baker
Batting: RHB Gabriel Miranda 0-0: Foul Ball, location: 2F
0-1: Swinging Strike
0-2: Fly out, F9 (Flyball, 9LM)
Batting: LHB Nick Scott 0-0: Ball
1-0: Called Strike
1-1: Foul Ball, location: 2F
1-2: Strikes out looking
Batting: LHB Chance Santry 0-0: Called Strike
0-1: Ball
1-1: Ball
2-1: Ground out 5-3 (Groundball, 56)
Top of the 4th over - 0 run(s), 0 hit(s), 0 error(s), 0 left on base; Salem 1 - Montgomery 0
BOTTOM OF THE 4TH
Montgomery Biscuits batting - Pitching for Salem Silver Souls : RHP Isaac Coleman
Batting: RHB Carlos Vásquez 0-0: Ball
1-0: Ground out 6-3 (Groundball, 6S)
Batting: LHB Bob Jones 0-0: Foul Ball, location: 2F
0-1: Ball
1-1: Called Strike
1-2: Ball
2-2: Foul Ball, location: 2F
2-2: Strikes out looking
Batting: RHB Rusty Downy 0-0: Foul Ball, location: 2F
0-1: Ball
1-1: Foul Ball, location: 2F
1-2: Strikes out swinging
Bottom of the 4th over - 0 run(s), 0 hit(s), 0 error(s), 0 left on base; Salem 1 - Montgomery 0
TOP OF THE 5TH
Salem Silver Souls batting - Pitching for Montgomery Biscuits : RHP Jim Baker
Batting: RHB Gustavo Pagán 0-0: Called Strike
0-1: Ball
1-1: Called Strike
1-2: Reached on error, E5 (Line Drive, 56)
Batting: LHB Joel Nelson 0-0: Foul Ball, location: 2F
0-1: Called Strike
Gustavo Pagán steals 2nd base
0-2: Strikes out looking
Batting: SHB Francis Shaffer 0-0: Ball
1-0: Ball
2-0: SINGLE (Line Drive, 7S)
Gustavo Pagán to third
Runner from 3rd tries for Home, SAFE, no throw
Batting: RHB Augusto Baiano 0-0: Foul Ball, location: 2F
0-1: Reached on error, E5 (Groundball, 56)
Francis Shaffer to second
Batting: RHB Jack Snyder 0-0: Called Strike
0-1: Ball
1-1: Ball
2-1: Ball
3-1: Ground out 5-3 (Groundball, 56S)
Francis Shaffer to third
Augusto Baiano to second
Batting: SHB Tony Yan 0-0: Foul Ball, location: 2F
0-1: Swinging Strike
0-2: DOUBLE (Flyball, 78XD)
Francis Shaffer scores
Augusto Baiano scores
Batting: RHB Gabriel Miranda 0-0: Ball
1-0: Ball
2-0: Foul Ball, location: 2F
2-1: DOUBLE (Flyball, 78M)
Tony Yan scores
Batting: LHB Nick Scott 0-0: Ground out 4-3 (Groundball, 34)
Top of the 5th over - 4 run(s), 3 hit(s), 2 error(s), 1 left on base; Salem 5 - Montgomery 0
BOTTOM OF THE 5TH
Montgomery Biscuits batting - Pitching for Salem Silver Souls : RHP Isaac Coleman
Batting: RHB Bob McDonald 0-0: Ball
1-0: SINGLE (Flyball, 78M)
Pitching: RHP Pat Wyatt
Batting: RHB Glen MacDonald 0-0: Called Strike
0-1: Called Strike
0-2: Ball
1-2: SINGLE (Flyball, 8RS)
Bob McDonald to second
Runner from 2nd tries for 3rd, SAFE, no throw
Batting: RHB Dave Roberts 0-0: Ball
1-0: Ball
2-0: Foul Ball, location: 2F
2-1: Fly out, F7 (Flyball, 78M)
Runner from 3rd tags up, OUT at HOME
Glen MacDonald to second
Batting: LHB Alberto Santos 0-0: Ball
1-0: Ball
2-0: Foul Ball, location: 2F
2-1: Ball
3-1: Ground out U3 (Groundball, 34)
Bottom of the 5th over - 0 run(s), 2 hit(s), 0 error(s), 1 left on base; Salem 5 - Montgomery 0
TOP OF THE 6TH
Salem Silver Souls batting - Pitching for Montgomery Biscuits : RHP Jim Baker
Batting: LHB Chance Santry 0-0: Foul Ball, location: 2F
0-1: Ball
1-1: DOUBLE (Flyball, 7LD)
Batting: RHB Gustavo Pagán 0-0: Swinging Strike
0-1: Fly out, F8 (Flyball, 89M)
Batting: LHB Joel Nelson 0-0: Ball
1-0: Swinging Strike
1-1: Ball
2-1: Foul Ball, location: 2F
2-2: Ball
3-2: Base on Balls
Batting: SHB Francis Shaffer 0-0: Ball
1-0: Foul Ball, location: 2F
1-1: Foul Ball, location: 2F
1-2: Ball
2-2: Fly out, F8 (Flyball, 8LM)
Batting: RHB Augusto Baiano 0-0: SINGLE (Groundball, 6MD)
Chance Santry to third
Joel Nelson to second
Runner from 3rd tries for Home, SAFE, throw made at trailing runner, SAFE at third!
Batting: RHB Jack Snyder 0-0: Ball
1-0: Swinging Strike
1-1: Called Strike
1-2: Strikes out swinging
Top of the 6th over - 1 run(s), 2 hit(s), 0 error(s), 2 left on base; Salem 6 - Montgomery 0
BOTTOM OF THE 6TH
Montgomery Biscuits batting - Pitching for Salem Silver Souls : RHP Pat Wyatt
Batting: LHB António Fernández 0-0: Ball
1-0: Foul Ball, location: 2F
1-1: Ground out U3 (Groundball, 3)
Batting: SHB Jack Estes 0-0: Called Strike
0-1: Ball
1-1: Foul Ball, location: 2F
1-2: Foul Ball, location: 2F
1-2: DOUBLE (Line Drive, 89M)
Batting: RHB Carlos Vásquez 0-0: Called Strike
0-1: Ball
1-1: Ball
2-1: Ball
3-1: Base on Balls
Batting: LHB Bob Jones 0-0: Ball
1-0: Ball
2-0: Called Strike
2-1: Fly out, F4 (Popup, 4MD)
Batting: RHB Rusty Downy 0-0: Called Strike
0-1: Foul Ball, location: 2F
0-2: Strikes out looking
Bottom of the 6th over - 0 run(s), 1 hit(s), 0 error(s), 2 left on base; Salem 6 - Montgomery 0
TOP OF THE 7TH
Salem Silver Souls batting - Pitching for Montgomery Biscuits : RHP Jim Baker
Batting: SHB Tony Yan 0-0: Called Strike
0-1: Ball
1-1: Ball
2-1: Ball
3-1: Base on Balls
Batting: RHB Gabriel Miranda 0-0: Called Strike
0-1: Ball
1-1: Called Strike
1-2: Strikes out swinging
Batting: LHB Nick Scott 0-0: Ball
1-0: Ball
2-0: SINGLE (Line Drive, 6D)
Tony Yan to second
Batting: LHB Chance Santry 0-0: Ball
1-0: 3-RUN HOME RUN (Flyball, 9LD), Distance : 367 ft
Batting: RHB Gustavo Pagán 0-0: Ball
1-0: Foul Ball, location: 2F
1-1: TRIPLE (Line Drive, 9D)
Pitching: RHP Jorge Gonzáles
Batting: LHB Joel Nelson 0-0: Ball
Passed Ball!
Gustavo Pagán scores
1-0: Ball
2-0: Ball
3-0: Base on Balls
Batting: SHB Francis Shaffer 0-0: Called Strike
0-1: Ball
1-1: Ball
2-1: Swinging Strike
2-2: Ball
Joel Nelson steals 2nd base
3-2: Foul Ball, location: 2F
3-2: Strikes out swinging
Batting: RHB Augusto Baiano 0-0: Swinging Strike
0-1: Ball
1-1: Swinging Strike
1-2: Foul Ball, location: 2F
1-2: Ball
2-2: SINGLE (Line Drive, 8RS)
Joel Nelson to third
Runner from 3rd tries for Home, SAFE, no throw
Batting: RHB Jack Snyder 0-0: Called Strike
0-1: Ball
1-1: Ground out 5-3 (Groundball, 56S)
Top of the 7th over - 5 run(s), 4 hit(s), 0 error(s), 1 left on base; Salem 11 - Montgomery 0
BOTTOM OF THE 7TH
Montgomery Biscuits batting - Pitching for Salem Silver Souls : RHP Pat Wyatt
Batting: RHB Bob McDonald 0-0: Called Strike
0-1: Called Strike
0-2: Ball
1-2: Foul Ball, location: 2F
1-2: Ball
2-2: Strikes out swinging
Batting: RHB Glen MacDonald 0-0: Swinging Strike
0-1: Foul Ball, location: 2F
0-2: Foul Ball, location: 2F
0-2: Foul Ball, location: 2F
0-2: SINGLE (Line Drive, 9LS)
Batting: RHB Dave Roberts 0-0: Called Strike
0-1: Ball
1-1: Called Strike
1-2: Foul Ball, location: 2F
1-2: Grounds into double play, 5-4-3 (Groundball, 56)
Bottom of the 7th over - 0 run(s), 1 hit(s), 0 error(s), 0 left on base; Salem 11 - Montgomery 0
TOP OF THE 8TH
Salem Silver Souls batting - Pitching for Montgomery Biscuits : RHP Jorge Gonzáles
Batting: SHB Tony Yan 0-0: Called Strike
0-1: Ball
1-1: Ball
2-1: Ball
3-1: Swinging Strike
3-2: Base on Balls
Pitching: RHP Terry O'Farrell
Batting: RHB Gabriel Miranda 0-0: SINGLE (Groundball, 56D)
Tony Yan to second
Batting: LHB Nick Scott 0-0: Ball
Balk!
Tony Yan to third
Gabriel Miranda to second
1-0: Foul Ball, location: 2F
1-1: Foul Ball, location: 2F
1-2: Foul Ball, location: 2F
1-2: Ball
2-2: Foul Ball, location: 2F
2-2: Ball
Wild Pitch!
Tony Yan scores
Gabriel Miranda to third
3-2: Ground out 4-3 (Groundball, 4)
Gabriel Miranda scores
Batting: LHB Chance Santry 0-0: Ball
1-0: Foul Ball, location: 2F
1-1: Foul Ball, location: 2F
1-2: Foul Ball, location: 2F
1-2: Ball
2-2: Ground out 6-3 (Groundball, 6)
Batting: RHB Gustavo Pagán 0-0: SINGLE (Flyball, 9LM)
Batting: LHB Joel Nelson 0-0: Called Strike
Gustavo Pagán steals 2nd base
0-1: Ball
1-1: Foul Ball, location: 2F
1-2: Ball
2-2: Ball
3-2: Base on Balls
Batting: SHB Francis Shaffer 0-0: Ball
1-0: Foul Ball, location: 2F
1-1: Foul Ball, location: 2F
1-2: Fielders Choice at 2nd, 4-6 (Groundball, 4MD)
Top of the 8th over - 2 run(s), 2 hit(s), 0 error(s), 1 left on base; Salem 13 - Montgomery 0
BOTTOM OF THE 8TH
Montgomery Biscuits batting - Pitching for Salem Silver Souls : RHP Pat Wyatt
Batting: LHB Alberto Santos 0-0: Foul Ball, location: 2F
0-1: Swinging Strike
0-2: Fly out, F9 (Flyball, 9LS)
Batting: LHB António Fernández 0-0: Ball
1-0: Called Strike
1-1: Ball
2-1: Called Strike
2-2: Ground out 5-3 (Groundball, 56)
Batting: SHB Jack Estes 0-0: Ball
1-0: Ball
2-0: Called Strike
2-1: Ball
3-1: Base on Balls
Batting: RHB Carlos Vásquez 0-0: Called Strike
0-1: Fly out, F8 (Flyball, 78XD)
Bottom of the 8th over - 0 run(s), 0 hit(s), 0 error(s), 1 left on base; Salem 13 - Montgomery 0
TOP OF THE 9TH
Salem Silver Souls batting - Pitching for Montgomery Biscuits : RHP Terry O'Farrell
Batting: RHB Augusto Baiano 0-0: Ball
1-0: Foul Ball, location: 2F
1-1: Called Strike
1-2: Strikes out swinging
Batting: RHB Jack Snyder 0-0: Ball
1-0: Ball
2-0: Called Strike
2-1: SINGLE (Groundball, 4MD)
Batting: SHB Tony Yan 0-0: Ball
1-0: Ball
2-0: Ball
3-0: Called Strike
3-1: Foul Ball, location: 2F
3-2: Base on Balls
Jack Snyder to second
Batting: RHB Gabriel Miranda 0-0: Ball
1-0: Ball
2-0: Foul Ball, location: 2F
2-1: Fly out, F5 (Line Drive, 5)
Batting: LHB Nick Scott 0-0: Called Strike
0-1: Ball
1-1: Foul Ball, location: 2F
1-2: SINGLE (Groundball, 4D)
Jack Snyder to third
Tony Yan to second
Runner from 3rd tries for Home, SAFE, no throw
Batting: LHB Chance Santry 0-0: Ball
1-0: Ball
2-0: Ball
3-0: Called Strike
3-1: Called Strike
3-2: Foul Ball, location: 2F
3-2: Fly out, F7 (Flyball, 78D)
Top of the 9th over - 1 run(s), 2 hit(s), 0 error(s), 2 left on base; Salem 14 - Montgomery 0
BOTTOM OF THE 9TH
Montgomery Biscuits batting - Pitching for Salem Silver Souls : RHP Pat Wyatt
Pitching: RHP Ramón Marerro
Now in RF: Dawson Fowler
Batting: LHB Bob Jones 0-0: Ball
1-0: Ball
2-0: Ball
3-0: Base on Balls
Batting: RHB Rusty Downy 0-0: Swinging Strike
0-1: Ball
1-1: Foul Ball, location: 2F
1-2: Strikes out swinging
Batting: RHB Bob McDonald 0-0: Called Strike
0-1: Called Strike
0-2: Foul Ball, location: 2F
0-2: Ball
1-2: Ball
2-2: Strikes out swinging
Batting: RHB Glen MacDonald 0-0: Called Strike
0-1: Ball
1-1: Ball
2-1: Fly out, F8 (Flyball, 78S)
Bottom of the 9th over - 0 run(s), 0 hit(s), 0 error(s), 1 left on base; Salem 14 - Montgomery 0
Thursday, March 30th, 2017 - OOTP Baseball 17.12 Build 75